 Dungeon Crawl Stone Soup version 0.27-a0-661-gca034ae587 (webtiles) character file.

Game seed: 18138742976626815607

22750 Johnny the Thaumaturge (level 12, -4/80 HPs)
             Began as a Deep Elf Earth Elementalist on Mar 16, 2021.
             Was the Champion of Okawaru.
             Slain by a large slime creature (18 damage)
             ... on level 12 of the Dungeon on Mar 17, 2021.
             The game lasted 00:18:03 (16039 turns).

Johnny the Thaumaturge (DEEE)                      Turns: 16039, Time: 00:18:04

Health: -4/80      AC:  7    Str:  5    XL:     12   Next: 65%
Magic:  6/39       EV: 15    Int: 26    God:    Okawaru [******]
Gold:   1704       SH:  6    Dex: 15    Spells: 21/36 levels left

rFire    + . .     SeeInvis .   v - staff of earth
rCold    . . .     Faith    .   G - +0 buckler
rNeg     . . .     Spirit   .   g - +0 troll leather armour
rPois    .         Reflect  .   r - +1 helmet
rElec    .         Harm     .   k - scarf {repulsion}
rCorr    .         Rampage  .   (no gloves)
Will     +....                  C - +0 pair of boots
Stlth    ++........             c - amulet "Keppegof" {Acrobat MP+9}
HPRegen  1.23/turn              s - +4 ring of evasion
MPRegen  0.26/turn              y - ring of protection from fire

@: repel missiles
A: no striking features
a: Renounce Religion, Heroism, Finesse


You were on level 12 of the Dungeon.
You worshipped Okawaru.
Okawaru was exalted by your worship.
You visited 2 branches of the dungeon, and saw 13 of its levels.

You collected 1704 gold pieces.

Inventory:

Hand Weapons
 O - the +9 lance "Wyrmbane" {slay drac, rPois rF+ rC+ AC+3}
   (You took it off Maggie on level 8 of the Dungeon)

   It affects your AC (+3).
   It protects you from fire.
   It protects you from cold.
   It protects you from poison.
Missiles
 b - 227 stones
Armour
 g - a +0 troll leather armour (worn)
 k - a scarf of repulsion (worn)
 r - a +1 helmet (worn)
 C - a +0 pair of boots (worn)
 G - a +0 buckler (worn)
 S - a +2 scale mail of willpower
Magical Staves
 v - a staff of earth (weapon)
Jewellery
 c - the amulet "Keppegof" (around neck) {Acrobat MP+9}
   (You found it on level 8 of the Dungeon)

   [amulet of the acrobat]

   It helps you evade while moving and waiting.
   It affects your magic capacity (+9).
 s - a +4 ring of evasion (right hand)
 y - a ring of protection from fire (left hand)
 L - a +6 ring of strength
Wands
 l - a wand of iceblast (20)
 o - a wand of polymorph (6)
 B - a wand of digging (13)
 D - a wand of mindburst (21)
 P - a wand of acid (8)
 R - a wand of flame (18)
Scrolls
 i - 4 scrolls of amnesia
 m - 11 scrolls of teleportation
 p - 3 scrolls of magic mapping
 u - a scroll of fear
 z - a scroll of fog {unknown}
 E - 2 scrolls of blinking
 I - a scroll of identify
 K - a scroll of enchant armour {unknown}
 M - 2 scrolls of holy word
 N - 4 scrolls of vulnerability {unknown}
 Q - 3 scrolls of noise {unknown}
 T - a scroll of silence {unknown}
 V - 3 scrolls of immolation {unknown}
Potions
 a - 2 potions of mutation
 d - 3 potions of invisibility {unknown}
 e - 10 potions of curing
 f - a potion of might {unknown}
 h - 2 potions of flight {unknown}
 j - 2 potions of brilliance {unknown}
 n - 2 potions of berserk rage
 q - 2 potions of ambrosia {unknown}
 t - 3 potions of resistance {unknown}
 w - 4 potions of heal wounds
 x - a potion of haste
 A - a potion of lignification {unknown}
 F - 2 potions of attraction {unknown}
 H - 2 potions of magic {unknown}
 J - 2 potions of cancellation {unknown}


   Skills:
 * Level 11.5 Fighting
 - Level 2.4 Dodging
 - Level 2.4 Stealth
 + Level 7.4 Shields
 + Level 12.8 Spellcasting
 - Level 1.1 Transmutations
 + Level 11.1 Earth Magic


You had 21 spell levels left.
You knew the following spells:

 Your Spells              Type           Power      Damage    Failure   Level
a - Sandblast             Erth           100%       2d20      1%          1
b - Stone Arrow           Conj/Erth      100%       3d13      1%          3
c - Lee's Rapid Deconstr  Erth           42%        3d21*     1%          5
d - Petrify               Tmut/Erth      64%        N/A       4%          4
e - Blink                 Tloc           N/A        N/A       9%          2

Your spell library contained the following spells:

 Spells                   Type           Power      Damage    Failure   Level
 Passwall                 Tmut/Erth      53%        N/A       1%          2
 Sting                    Tmut/Pois      76%        1d6       4%          1
 Animate Skeleton         Necr           32%        N/A       6%          1
 Magic Dart               Conj           64%        1d6       6%          1
 Pain                     Necr           64%        1d7       6%          1
 Shock                    Conj/Air       64%        1d7       6%          1
 Call Imp                 Summ           16%        N/A       9%          2
 Poisonous Vapours        Pois/Air       32%        N/A       9%          2
 Searing Ray              Conj           32%        3d4       9%          2
 Slow                     Hex            16%        N/A       9%          2
 Swiftness                Air            16%        N/A       9%          2
 Ignite Poison            Fire/Tmut/Pois 18%        N/A       16%         3
 Borgnjor's Vile Clutch   Necr/Erth      31%        N/A       16%         5
 Conjure Flame            Conj/Fire      16%        6-21      17%         3
 Dazzling Flash           Conj/Hex       32%        N/A       17%         3
 Gell's Gravitas          Tloc           8%         N/A       17%         3
 Lesser Beckoning         Tloc           8%         N/A       17%         3
 Mephitic Cloud           Conj/Pois/Air  16%        N/A       17%         3
 Static Discharge         Conj/Air       16%        N/A       17%         3
 Teleport Other           Tloc           16%        N/A       17%         3
 Vampiric Draining        Necr           8%         2d7       17%         3
 Bolt of Magma            Conj/Fire/Erth 26%        4d12      34%         5
 Airstrike                Air            8%         N/A       50%         4
 Animate Dead             Necr           8%         N/A       50%         4
 Fulminant Prism          Conj/Hex       8%         3d7       50%         4
 Iskenderun's Mystic Bla  Conj/Tloc      16%        2d5       50%         4
 Manifold Assault         Tloc           16%        N/A       50%         4
 Olgreb's Toxic Radiance  Pois           16%        N/A       50%         4
 Statue Form              Tmut/Erth      42%        N/A       58%         6
 Iron Shot                Conj/Erth      31%        9d6       65%         6
 Agony                    Necr           16%        N/A       85%         5
 Lightning Bolt           Conj/Air       8%         1d20      85%         5


Dungeon Overview and Level Annotations

Branches:
Dungeon (12/15)            Temple (1/1) D:5            Lair (0/6) D:10
    Orc (0/2) D:12

Altars:
Ashenzari
Cheibriados
Dithmenos
Elyvilon
Fedhas
Gozag
Hepliaklqana
Kikubaaqudgha
Makhleb
Nemelex Xobeh
Okawaru
Qazlal
Ru
Sif Muna
Trog
Uskayaw
Vehumet
Wu Jian
Xom
Yredelemnul
Zin
The Shining One


Message History

The stone arrow hits the slime creature!!
The slime creature is moderately wounded.
Casting: Stone Arrow (safe; 1% risk of failure)
Confirm with . or Enter, or press ? or * to list all spells.
Aiming: Stone Arrow (safe; 1% risk of failure)
Press: ? - help, Shift-Dir - straight line, f/p - slime creature
Aim: a slime creature (moderately wounded, 5% to evade)
You feel a surge of power!
The stone arrow hits the slime creature!!
The slime creature is severely wounded.
Two slime creatures merge to form a large slime creature.
Casting: Stone Arrow (safe; 1% risk of failure)
Confirm with . or Enter, or press ? or * to list all spells.
Aiming: Stone Arrow (safe; 1% risk of failure)
Press: ? - help, Shift-Dir - straight line, f/p - large slime creature
Aim: a large slime creature (moderately wounded, 5% to evade)
You feel a surge of power!
The stone arrow hits the large slime creature!!
The large slime creature is heavily wounded.
The large slime creature hits you!!!
Casting: Stone Arrow (safe; 1% risk of failure)
Confirm with . or Enter, or press ? or * to list all spells.
Aiming: Stone Arrow (safe; 1% risk of failure)
Press: ? - help, Shift-Dir - straight line, f/p - large slime creature
Aim: a large slime creature (heavily wounded, 5% to evade)
You feel a surge of power!
The stone arrow hits the large slime creature!!
The large slime creature is severely wounded.
The large slime creature hits you!!
* * * LOW HITPOINT WARNING * * *
Casting: Stone Arrow (safe; 1% risk of failure)
Confirm with . or Enter, or press ? or * to list all spells.
Aiming: Stone Arrow (safe; 1% risk of failure)
Press: ? - help, Shift-Dir - straight line, f/p - large slime creature
Aim: a large slime creature (severely wounded, 5% to evade)
You feel a surge of power!
The stone arrow hits the large slime creature.
The large slime creature is severely wounded.
The large slime creature hits you!!
You die...

.#......#.##..####
######### ##
...........>......
..............##.#
....#.#.......##.#
....#.#.......##.#
.#.##.####.##.##.# #
.#.##.####.##.##.##.#
......##............#
##. ####.....###@####
#.....# #J# #......
... #......##.##
###### #.# #.. ###


You could see a large slime creature.

Vanquished Creatures
  Harold (D:9)
  Erolcha (D:11)
  A hydra (D:11)
  A centaur warrior (D:9)
  3 two-headed ogres
  3 unseen horrors
  An obsidian statue (D:11)
  Pikel (D:8)
  A mana viper (D:11)
  4 ugly things
  2 manticores
  Joseph (D:9)
  Maurice (D:9)
  Maggie (D:8)
  A freezing wraith (D:9)
  A troll (D:10)
  6 slime creatures
  A shadow (D:12)
  A basilisk (D:10)
  A wraith (D:11)
  15 yaks
  3 wyverns (D:10)
  Grum (D:9)
  A vampire mosquito (D:9)
  A steam dragon (D:10)
  3 water moccasins (D:10)
  An ice beast (D:9)
  A black bear (D:11)
  5 orc warriors
  3 sky beasts
  2 necrophages
  4 wolves (D:9)
  3 ogres
  5 centaurs
  2 lemures (D:8)
  5 phantoms
  3 kobold brigands
  10 bullfrogs
  Blork the orc (D:4)
  A gnoll sergeant (D:10)
  A wyvern skeleton (D:12)
  10 scorpions
  3 killer bees (D:11)
  14 wights
  2 howler monkeys (D:11)
  2 centaur zombies
  A crimson imp (D:3)
  2 bullfrog zombies
  3 jellies
  4 hounds
  6 orc priests
  3 bullfrog skeletons
  2 centaur skeletons
  A gnoll shaman (D:8)
  Jessica (D:2)
  Terence (D:3)
  Natasha (thrice) (D:2)
  4 iguanas
  10 orc wizards
  8 worker ants
  A killer bee zombie (D:9)
  A hound zombie (D:9)
  4 hound skeletons
  Robin (D:2)
  8 gnolls
  18 adders
  A shadow imp (D:6)
  A white imp (D:10)
  3 ufetubi
  An ooze (D:5)
  3 adder zombies (D:9)
  An adder skeleton (D:5)
  3 worms
  5 leopard geckos
  47 orcs
  11 bats
  4 giant cockroaches
  14 goblins
  9 hobgoblins
  11 jackals
  3 quokkas
  A ball python (D:1)
  A ball python zombie (D:5)
  4 frilled lizards
  A jackal skeleton (D:5)
  15 kobolds
  3 rats
359 creatures vanquished.

Vanquished Creatures (others)
  An orc (D:11)
  25 fungi (D:10)
  13 plants (D:10)
39 creatures vanquished.

Grand Total: 398 creatures vanquished

Notes
Turn   | Place    | Note
-------+----------+-------------------------------------------
     0 | D:1      | Johnny the Deep Elf Earth Elementalist began the quest for
                  | the Orb.
     0 | D:1      | Reached XP level 1. HP: 10/10 MP: 6/6
   268 | D:1      | Reached XP level 2. HP: 16/16 MP: 5/8
   750 | D:1      | Reached skill level 1 in Fighting
  1284 | D:2      | Noticed Natasha
  1290 | D:2      | Killed Natasha
  1291 | D:2      | Reached XP level 3. HP: 12/21 MP: 5/10
  1429 | D:2      | Noticed Natasha
  1437 | D:2      | Killed Natasha
  1438 | D:2      | Reached XP level 4. HP: 21/26 MP: 6/11
  1691 | D:2      | Reached skill level 4 in Spellcasting
  1762 | D:2      | Noticed Natasha
  1768 | D:2      | Killed Natasha
  1822 | D:2      | Found a white marble altar of Elyvilon.
  1981 | D:2      | Noticed Robin
  1982 | D:2      | Noticed Jessica
  2388 | D:2      | Killed Jessica
  2389 | D:2      | Reached XP level 5. HP: 31/31 MP: 10/13
  2391 | D:2      | Killed Robin
  2889 | D:3      | Noticed Terence
  2938 | D:3      | Killed Terence
  3220 | D:3      | Reached XP level 6. HP: 32/37 MP: 6/15
  3232 | D:3      | Reached skill level 5 in Spellcasting
  3364 | D:3      | Found a faded altar of an unknown god.
  3575 | D:3      | Noticed Grinder
  3579 | D:3      | Noticed Grinder
  3579 | D:3      | Grinder changed into Grinder the crimson imp
  3581 | D:3      | Killed Grinder the crimson imp
  3715 | D:3      | Found a shadowy altar of Dithmenos.
  3836 | D:4      | Learned a level 3 spell: Stone Arrow
  3886 | D:4      | Found a snail-covered altar of Cheibriados.
  3890 | D:4      | Found an ancient bone altar of Kikubaaqudgha.
  4016 | D:4      | Noticed Blork the orc
  4024 | D:4      | Killed Blork the orc
  4145 | D:4      | Found a burning altar of Makhleb.
  4154 | D:4      | Reached skill level 5 in Earth Magic
  4574 | D:5      | Entered Level 5 of the Dungeon
  4605 | D:5      | Reached XP level 7. HP: 43/43 MP: 11/17
  4686 | D:5      | Reached skill level 6 in Spellcasting
  5146 | D:5      | Reached skill level 5 in Fighting
  5289 | D:5      | Reached skill level 1 in Shields
  5289 | D:5      | Reached XP level 8. HP: 32/49 MP: 16/20
  5861 | D:5      | Found a staircase to the Ecumenical Temple.
  5874 | Temple   | Entered the Ecumenical Temple
  6101 | Temple   | Became a worshipper of Warmaster Okawaru
  6657 | D:6      | Reached skill level 7 in Spellcasting
  7099 | D:6      | Found a bloodstained altar of Trog.
  7101 | D:6      | Found a basalt altar of Yredelemnul.
  7566 | D:6      | Learned a level 5 spell: Lee's Rapid Deconstruction
  7571 | D:6      | Learned a level 4 spell: Petrify
  7574 | D:6      | Learned a level 2 spell: Blink
  8029 | D:7      | Reached * piety under Okawaru
  8281 | D:7      | Found a shimmering altar of Xom.
  8300 | D:7      | Reached XP level 9. HP: 45/56 MP: 18/22
  8840 | D:8      | Reached skill level 8 in Spellcasting
  9103 | D:8      | Noticed Maggie
  9113 | D:8      | Killed Maggie
  9264 | D:8      | Reached ** piety under Okawaru
  9513 | D:8      | Reached skill level 9 in Spellcasting
  9868 | D:8      | Noticed Pikel
  9880 | D:8      | Killed Pikel
  9880 | D:8      | Reached *** piety under Okawaru
  9881 | D:8      | Reached XP level 10. HP: 60/64 MP: 12/25
 10423 | D:8      | Identified the amulet "Keppegof" {Acrobat MP+9}
 10661 | D:9      | Noticed Joseph
 10669 | D:9      | Killed Joseph
 10689 | D:9      | Noticed a two-headed ogre
 10701 | D:9      | Killed a two-headed ogre
 10859 | D:9      | Noticed a manticore
 10862 | D:9      | Killed a manticore
 10862 | D:9      | Reached **** piety under Okawaru
 10863 | D:9      | Reached skill level 10 in Spellcasting
 10863 | D:9      | Noticed a centaur warrior
 10866 | D:9      | Killed a centaur warrior
 10867 | D:9      | Reached skill level 5 in Shields
 10868 | D:9      | Reached ***** piety under Okawaru
 10872 | D:9      | Noticed Harold
 10878 | D:9      | Killed Harold
 11158 | D:9      | Reached XP level 11. HP: 71/71 MP: 25/27
 11386 | D:9      | Noticed Grum
 11390 | D:9      | Killed Grum
 11454 | D:9      | Found a basalt altar of Yredelemnul.
 11645 | D:9      | Noticed Maurice
 11649 | D:9      | Killed Maurice
 12076 | D:10     | Entered Level 10 of the Dungeon
 12247 | D:10     | Received a gift from Okawaru
 12249 | D:10     | Reached skill level 11 in Spellcasting
 12326 | D:10     | Found a staircase to the Lair.
 12971 | D:10     | Noticed a white ugly thing
 12982 | D:10     | Killed a white ugly thing
 12982 | D:10     | Received a gift from Okawaru
 12983 | D:10     | Reached skill level 10 in Fighting
 13550 | D:11     | Reached skill level 10 in Earth Magic
 13729 | D:11     | Noticed a five-headed hydra
 13732 | D:11     | Killed a five-headed hydra
 13905 | D:11     | Noticed a green ugly thing
 13912 | D:11     | Killed a green ugly thing
 14285 | D:11     | Noticed an obsidian statue
 14288 | D:11     | Killed an obsidian statue
 14289 | D:11     | Reached XP level 12. HP: 79/79 MP: 22/29
 14291 | D:11     | Reached skill level 12 in Spellcasting
 14354 | D:11     | Noticed Erolcha
 14375 | D:11     | Killed Erolcha
 14379 | D:11     | Noticed Urug
 14387 | D:11     | Noticed Urug
 14387 | D:11     | Urug changed into Urug the mana viper
 14391 | D:11     | Noticed a two-headed ogre
 14394 | D:11     | Killed Urug the mana viper
 14396 | D:11     | Killed a two-headed ogre
 15031 | D:11     | Identified 3 scrolls of acquirement
 15032 | D:11     | Acquired a staff of earth
 15037 | D:11     | Acquired 820 gold pieces
 15041 | D:11     | Acquired the Reference Book on Clay and Attacks
 15075 | D:12     | Noticed a two-headed ogre
 15122 | D:12     | Received a gift from Okawaru
 15518 | D:12     | Reached ****** piety under Okawaru
 15623 | D:12     | Killed a two-headed ogre
 15958 | D:12     | Found a staircase to the Orcish Mines.
 16039 | D:12     | Slain by a large slime creature

Illustrated notes

Levels and vault maps discovered:
D:1:      arrival_zaba_pyramid, layout_basic, minmay_pentomino_p4
D:2:      layout_rooms, elyvilon_altar_1, uniq_robin, uniq_jessica, uniq_natasha
D:3:      layout_rooms, grunt_dithmenos_smoke, chequers_ecumenical_altar_island,
          uniq_terence, uniq_grinder
D:4:      layout_rooms, overflow_temple_1_default, lemuel_doored_altar,
          old_standard_altar, uniq_blork_the_orc
D:5:      layout_loops_ring, temple_hall, hex_medium
D:6:      layout_loops_ring, nicolae_overflow_hidden_temple
D:7:      layout_cave_pods, general_overflow_altar
D:8:      layout_cave_pods, uniq_maggie, uniq_pikel
D:9:      minmay_the_grid_octo_triangle [minmay_the_grid_octo_fat_diamond,
          minmay_the_grid_octo_prize_big_c, minmay_the_grid_octo_77],
          layout_basic, basic_altar, uniq_harold, uniq_grum, uniq_joseph,
          uniq_maurice
D:10:     old_forge, layout_irregular_city, minmay_lair_entry_grove
D:11:     layout_loops_ring, hangedman_decor_clover_reticule, minivault_15,
          uniq_erolcha, uniq_urug
D:12:     layout_loops_cross, david_orc_2
Temple:   dpeg_chambers_temple

Skill      XL: |  1  2  3  4  5  6  7  8  9 10 11 12 |
---------------+-------------------------------------+-----
Fighting       | 1 2 3 4 5 6 7 9 10 11 | 11.5
Spellcasting   | 4 5 6 7 9 10 11 12 | 12.8
Earth Magic    | 4 5 6 8 9 10 11 | 11.1
Shields        | 1 2 4 5 6 7 |  7.4
Dodging        | |  2.4
Stealth        | |  2.4
Transmutations | |  1.1

Action                   |  1- 3 |  4- 6 |  7- 9 | 10-12 || total
-------------------------+-------+-------+-------+-------++-------
Melee: Unarmed           |    13 |     9 |       |       ||    22
       Dagger            |       |    66 |       |       ||    66
       Short sword       |       |    21 |   147 |       ||   168
       Lance             |       |       |    17 |   142 ||   159
       Staff             |       |       |       |     8 ||     8
 Cast: Sandblast         |    30 |    68 |    59 |   123 ||   280
       Stone Arrow       |       |     2 |    52 |   115 ||   169
       Lee's Rapid Decon |       |       |       |    45 ||    45
       Petrify           |       |       |       |     2 ||     2
Evoke: Wand              |       |     3 |    13 |    13 ||    29
  Use: Scroll            |       |       |    11 |     8 ||    19
 Stab: Sleeping          |       |     3 |     4 |     3 ||    10
       Distracted        |       |       |     1 |       ||     1
       Paralysed         |       |       |     2 |       ||     2
Armor: Robe              |     6 |    22 |    30 |       ||    58
       Acid dragon scale |       |       |     6 |    38 ||    44
       Troll leather arm |       |       |       |    11 ||    11
Dodge: Dodged            |    25 |    93 |   159 |   173 ||   450
       Repelled          |       |     1 |     2 |     4 ||     7
Block: Buckler           |       |       |     8 |    57 ||    65

Table legend: (Time is in decaauts)
 A = Elapsed time spent in this place.
 B = Non-inter-level travel time spent in this place.
 C = Inter-level travel time spent in this place.
 D = Time resting spent in this place.
 E = Time spent auto-exploring this place.
 F = Levels seen in this place.
 G = Mean time per level.
                   A        B        C        D        E       F      G
               +--------+--------+--------+--------+--------+-----+--------+
         Total |  16082 |  15333 |    749 |   3109 |  10032 |  13 | 1237.1 |
       Dungeon |  15827 |  15122 |    705 |   3109 |   9824 |  12 | 1318.9 |
        Temple |    254 |    210 |     44 |      0 |    208 |   1 |  254.0 |
               +--------+--------+--------+--------+--------+-----+--------+

Top non-repeatable levels by time:
     D:8: 1773 daAuts
     D:1: 1605 daAuts
    D:11: 1574 daAuts
     D:6: 1531 daAuts
     D:9: 1474 daAuts
    D:10: 1454 daAuts
     D:5: 1343 daAuts
     D:7: 1143 daAuts
     D:2: 1125 daAuts
     D:3: 1102 daAuts
    D:12: 945 daAuts
     D:4: 753 daAuts
  Temple: 254 daAuts
